Map: Dusk Towers

Players

LiquidMaNa (MaNa) - Winner!

  • Race: Protoss Protoss
  • League: Grandmaster

Dayshi

  • Race: Terran Terran
  • League: Grandmaster

Event: Homestory Cup XII

VOD

Have the link to the VOD?

Description

Time

  • Played on: Dec. 19, 2015, 4:14 p.m.
  • Length: 12:03

All games in this series

Show
View Real Time Build Order
Export as new Build Order

LiquidMaNa Protoss - Winner!

Build Orders: 1 Gate Expand, Oracle Opening 

Get SALT Encoding   

  12  0:01  Probe (Chrono Boost)  
  13  0:12  Probe (Chrono Boost)  
  14  0:17  Pylon  
  14  0:23  Probe (Chrono Boost)  
  16  0:36  Probe (Chrono Boost)  
  16  0:38  Gateway  
  16  0:46  Probe (Chrono Boost)  
  17  1:06  Nexus  
  17  1:09  Probe (Chrono Boost)  
  18  1:14  Assimilator  
  18  1:19  Probe (Chrono Boost)  
  19  1:27  Cybernetics Core  
  19  1:30  Probe (Chrono Boost)  
  20  1:41  Probe (Chrono Boost), Pylon  
  21  1:51  Probe (Chrono Boost)  
  21  1:52  Assimilator  
  22  2:02  Probe (Chrono Boost)  
  22  2:03  Warp Gate  
  22  2:06  Adept (Chrono Boost)  
  25  2:12  Probe (Chrono Boost)  
  26  2:19  Probe (Chrono Boost)  
  26  2:22  Probe (Chrono Boost)  
  27  2:29  Probe  
  29  2:32  Mothership Core (Chrono Boost)  
  31  2:38  Adept (Chrono Boost)  
  31  2:41  Probe (Chrono Boost)  
  34  2:52  Probe x2 (Chrono Boost)  
  36  2:58  Nexus  
  36  3:03  Probe x2 (Chrono Boost)  
  38  3:13  Stargate  
  36  3:21  Pylon  
  36  3:26  Gateway  
  36  3:27  Gateway  
  36  3:30  Probe (Chrono Boost)  
  37  3:36  Probe (Chrono Boost)  
  37  3:38  Adept (Chrono Boost)  
  37  3:40  Probe  
  41  3:42  Pylon  
  41  3:46  Probe  
  42  3:56  Probe x2, Oracle (Chrono Boost)  
  47  4:07  Probe  
  47  4:08  Probe  
  47  4:09  Probe, Twilight Council  
  50  4:20  Probe x3, Assimilator x2  
  53  4:26  Sentry  
  53  4:30  Probe  
  53  4:31  Probe, Phoenix (Chrono Boost)  
  57  4:32  Probe  
  57  4:37  Pylon  
  60  4:41  Probe  
  60  4:42  Probe, Pylon  
  60  4:44  Probe  
  60  4:45  Resonating Glaives (Chrono Boost)  
  63  4:52  Probe  
  63  4:53  Phoenix  
  63  4:54  Probe  
  63  4:56  Probe  
  68  5:02  Probe, Pylon  
  69  5:14  Probe  
  69  5:15  Probe x2, Phoenix  
  69  5:18  Adept x2  
  69  5:19  Adept  
  80  5:24  Forge  
  80  5:25  Forge  
  80  5:33  Gateway  
  80  5:34  Gateway  
  80  5:35  Gateway  
  80  5:37  Phoenix  
  82  5:43  Adept x2  
  86  5:50  Protoss Ground Weapons Level 1 (Chrono Boost), Protoss Ground Armor Level 1 (Chrono Boost)  
  86  5:53  Probe x2  
  86  5:54  Probe  
  89  5:57  Gateway  
  89  6:00  Pylon  
  89  6:02  Sentry  
  91  6:04  Sentry  
  91  6:06  Assimilator  
  91  6:08  Adept, Assimilator  
  95  6:14  Pylon x2  
  95  6:18  Gateway  
  95  6:21  Pylon, Phoenix  
  97  6:33  Adept x3  
  101  6:46  Phoenix (Chrono Boost)  
  103  6:47  Blink (Chrono Boost)  
  103  6:52  Adept  
  103  6:53  Adept x2  
  101  7:09  Phoenix (Chrono Boost)  
  101  7:10  Adept x3  
  105  7:18  Robotics Facility  
  105  7:20  Gateway  
  105  7:30  Phoenix (Chrono Boost)  
  105  7:31  Zealot x3  
  105  7:32  Adept x2, Zealot  
  105  7:33  Adept x2  
  123  7:51  Protoss Ground Armor Level 2, Protoss Ground Weapons Level 2  
  119  7:52  Probe  
  119  7:56  Sentry, Adept x3  
  119  7:57  Adept x4  
  126  8:07  Warp Prism  
  126  8:09  Probe x3  
  131  8:24  Nexus  
  131  8:25  Phoenix (Chrono Boost)  
  133  8:33  Pylon  
  133  8:50  Pylon  
  133  8:52  Pylon  
  133  8:54  Probe  
  133  8:55  Pylon x2  
  134  8:57  Pylon  
  134  9:03  Stalker x3  
  134  9:09  Immortal (Chrono Boost)  
  144  9:12  Phoenix  
  146  9:26  Stalker x8  
  146  9:27  Stalker  
  164  9:37  Phoenix  
  115  9:48  Immortal (Chrono Boost)  
  115  9:50  Sentry x3  
  115  9:51  Adept x2  
  127  10:02  Adept x4  
  127  10:06  Robotics Bay  
  135  10:20  Pylon  
  135  10:21  Pylon  
  135  10:23  Observer (Chrono Boost), Photon Cannon  
  135  10:24  Assimilator  
  136  10:28  Assimilator  
  132  10:39  Adept x3  
  132  10:40  Adept x2  
  136  10:50  Adept x3  
  136  10:51  Adept  
  132  11:02  Adept x5  
  142  11:14  Adept  
  142  11:15  Adept  
  144  11:25  Zealot x3  
  144  11:26  Zealot x3  
Show
View Real Time Build Order
Export as new Build Order

Dayshi Terran 

Build Orders: Command Center First (CC), MMM Bio 

Get SALT Encoding   

  12  0:00  SCV  
  13  0:13  SCV  
  14  0:17  Supply Depot  
  14  0:25  SCV  
  15  0:39  SCV  
  16  0:51  SCV  
  17  0:59  Command Center  
  17  1:03  SCV  
  18  1:13  Barracks  
  18  1:16  SCV  
  19  1:26  Barracks  
  19  1:30  SCV  
  20  1:40  Barracks  
  20  1:42  SCV  
  21  1:50  Refinery  
  21  1:54  SCV  
  21  2:00  Marine  
  23  2:07  Orbital Command  
  23  2:15  Orbital Command  
  23  2:21  Marine  
  23  2:22  Marine  
  25  2:28  Barracks Tech Lab  
  25  2:32  SCV  
  26  2:37  Supply Depot  
  26  2:41  Marine x2  
  26  2:42  SCV  
  28  2:45  SCV  
  28  2:48  Marine  
  30  2:54  SCV  
  31  2:59  Marine x2  
  31  3:01  Combat Shields  
  31  3:02  SCV  
  31  3:03  Refinery  
  34  3:06  SCV  
  34  3:08  Marine  
  36  3:14  SCV  
  36  3:16  Marine x2  
  36  3:18  SCV  
  39  3:22  Supply Depot  
  39  3:26  SCV  
  40  3:28  Marine  
  40  3:30  SCV  
  42  3:34  Marine x2  
  42  3:39  SCV  
  44  3:43  SCV  
  45  3:51  SCV  
  45  3:52  Supply Depot  
  45  3:53  Factory  
  45  3:55  Barracks Reactor, Barracks Tech Lab, Marine, SCV  
  48  4:03  SCV  
  48  4:07  Refinery, Engineering Bay  
  48  4:08  SCV  
  50  4:14  Marine x2  
  50  4:15  SCV, Stimpack  
  53  4:17  Supply Depot  
  53  4:20  SCV  
  54  4:27  SCV  
  55  4:31  Command Center  
  55  4:35  Terran Infantry Weapons Level 1  
  55  4:36  Marine  
  55  4:38  Marine  
  57  4:41  SCV  
  57  4:42  SCV  
  57  4:44  Marine x2  
  61  4:49  Starport  
  61  4:50  Factory Reactor  
  61  4:55  SCV x2  
  61  4:56  Concussive Shells  
  61  4:58  Marine x2  
  65  5:02  Marauder  
  64  5:09  SCV x2  
  65  5:16  Marauder  
  67  5:21  SCV x2  
  67  5:22  Marine  
  67  5:24  Missile Turret  
  67  5:28  Refinery  
  70  5:30  Supply Depot  
  70  5:34  Factory Reactor  
  70  5:38  Missile Turret  
  70  5:42  Missile Turret, Marine  
  70  5:43  SCV x2, Medivac x2  
  70  5:44  Marauder  
  70  5:46  Orbital Command  
  79  5:55  SCV x2  
  81  6:01  Barracks, Marauder  
  81  6:03  Marine  
  81  6:04  Marine  
  85  6:08  SCV x2  
  85  6:09  Barracks  
  85  6:10  Widow Mine x2  
  91  6:15  Supply Depot  
  91  6:21  Supply Depot, Medivac  
  91  6:22  Supply Depot  
  93  6:31  SCV  
  93  6:36  Supply Depot, Medivac  
  93  6:37  Supply Depot, Marauder x2  
  93  6:39  Terran Infantry Armor Level 1  
  99  6:43  SCV  
  99  6:44  SCV  
  101  6:51  Orbital Command  
  101  6:53  Marine  
  100  6:55  Liberator x2  
  100  6:58  Marauder x2  
  91  7:02  SCV  
  91  7:03  SCV  
  91  7:07  Marine  
  85  7:11  Marine  
  85  7:12  Widow Mine x2  
  85  7:15  SCV x2  
  90  7:19  Marauder, Marine  
  90  7:20  Barracks Reactor, Barracks Tech Lab  
  89  7:27  SCV  
  89  7:29  Bunker  
  90  7:31  Bunker  
  90  7:34  Marine  
  90  7:36  Marine  
  90  7:37  Marauder  
  90  7:41  Widow Mine x2  
  96  7:46  Marauder, Marine  
  96  7:51  SCV  
  88  7:52  Marine  
  88  7:53  Marine  
  88  7:54  Orbital Command  
  72  7:58  Marine  
  72  8:03  Marine x2  
  72  8:04  Marauder, Medivac x2  
  77  8:08  Marauder  
  77  8:09  Engineering Bay, Widow Mine  
  77  8:10  Armory, Marine  
  82  8:16  Marine x2  
  84  8:24  Marine x2  
  84  8:26  Marauder  
  88  8:27  Marine  
  88  8:29  Marauder  
  88  8:33  Marine  
  73  8:34  Marauder, Medivac x2  
  97  8:42  Marine x2  
  95  8:49  Marauder, Marine  
  95  8:50  Marauder  
  95  8:52  Marine  
  101  8:56  Marauder  
  101  8:59  Marine  
  101  9:00  Marine  
  105  9:05  SCV x3, Terran Infantry Weapons Level 2  
  105  9:07  Terran Infantry Armor Level 2, Marine  
  108  9:10  Marine, Medivac  
  108  9:11  Supply Depot, Marauder  
  108  9:12  Marauder  
  115  9:17  SCV, Marine x2, Marauder  
  120  9:24  Marine  
  120  9:28  Marine  
  122  9:31  Orbital Command  
  122  9:32  Marauder  
  122  9:33  Marauder  
  122  9:35  Marine x2  
  116  9:38  Marauder  
  116  9:39  SCV x2  
  116  9:42  Marine  
  111  9:46  Marine  
  111  9:50  Liberator  
  112  9:53  Marine x2  
  112  9:54  Marauder  
  112  9:55  Marauder  
  112  9:57  SCV x2  
  112  9:58  Liberator  
  122  10:00  Marine, Marauder  
  122  10:04  Marine  
  123  10:12  Widow Mine x2  
  130  10:15  Marauder  
  130  10:16  Marine, Marauder  
  130  10:19  Marine x2  
  140  10:28  Marine  
  141  10:34  Marine, Refinery, Marauder  
  140  10:36  Marauder  
  140  10:37  Marine  
  140  10:42  SCV, Marine  
  141  10:43  SCV  
  141  10:45  Marauder  
  141  10:49  Marine  
  138  10:52  Marine  
  138  10:53  SCV  
  138  10:54  SCV  
  138  10:55  Marine  
  138  10:56  Marauder  
  140  10:58  Marauder  
  140  11:02  Marine  
  137  11:06  Marauder  
  133  11:12  Marine  
  133  11:16  Marine  
  133  11:17  Widow Mine x2, Marauder  
  128  11:19  Marauder  
  128  11:20  Medivac  
  128  11:22  Medivac  
  128  11:23  SCV  
  111  11:28  Marine x2, Marauder  
  111  11:31  Marine  
  116  11:39  Marine, Marauder  
  118  11:41  Marauder  
Tags
 
Add a new tag
Caveats
  • Supply blocks, unpowered buildings, or Contaminate may cause inaccurate times.
  • Supply counts are checked every 10 seconds.